 Dungeon Crawl Stone Soup version 0.31.0-12-g77e489cdc1 (webtiles) character file.

Game seed: 5583192079243668963

186 hawla the Ducker (level 5, -2/28 HPs)
             Began as a Deep Elf Fire Elementalist on Feb 19, 2024.
             Slain by a gnoll
             ... wielding a +0 spear
              (9 damage)
             ... on level 3 of the Dungeon.
             The game lasted 00:05:12 (2656 turns).

hawla the Ducker (Deep Elf Fire Elementalist)       Turns: 2656, Time: 00:05:13

Health: -2/28      AC:  2    Str:  5    XL:     5   Next: 38%
Magic:  9/11       EV: 14    Int: 22    God:
Gold:   147        SH:  0    Dex: 15    Spells: 7/10 levels left

rFire   + . .        d - +3 dagger (venom)
rCold   + . .        (no shield)
rNeg    . . .        a - +0 robe
rPois   .            (no helmet)
rElec   .            c - scarf {rC+ rF+}
rCorr   .            (no gloves)
SInv    .            (no boots)
Will    .....        (no amulet)
Stlth   ++           s - ring of flight
HPRegen 0.24/turn    (no ring)
MPRegen 0.12/turn

%: no passive effects
@: about to teleport, flying
A: persistent drain
a: no special abilities


You were on level 3 of the Dungeon.
You visited 1 branch of the dungeon, and saw 3 of its levels.

You collected 147 gold pieces.

Inventory:

Hand Weapons
 d - a +3 dagger of venom (weapon)
Missiles
 j - 2 poisoned darts
Armour
 a - a +0 robe (worn)
 c - a scarf of resistance (worn)
Jewellery
 s - a ring of flight (left hand)
Wands
 e - a wand of iceblast (3)
Scrolls
 m - a scroll of enchant armour {unknown}
 o - 2 scrolls of identify {unknown}
 p - a scroll of fog {unknown}
 q - a scroll of noise {unknown}
 r - a scroll of blinking {unknown}
 t - a scroll of poison {unknown}
Potions
 b - a potion of magic
 h - 2 potions of mutation


   Skills:
 + Level 5.1 Dodging
 - Level 2.4 Stealth
 - Level 3.0 Spellcasting
 + Level 4.1 Conjurations
 - Level 3.2 Fire Magic


You had 7 spell levels left.
You knew the following spells:

 Your Spells              Type           Power      Damage    Failure   Level
a - Foxfire               Conj/Fire      76%        2x1d7     2%          1
b - Scorch                Fire           34%        2d6       4%          2

Your spell library contained the following spells:

 Spells                   Type           Power      Damage    Failure   Level
 Inner Flame              Hex/Fire       10%        N/A       19%         3
 Volatile Blastmotes      Fire/Tloc      20%        2d11      19%         3
 Flame Wave               Conj/Fire      19%        2d7       26%         4


Dungeon Overview and Level Annotations

Branches:
Dungeon (3/15)

Altars:
Hepliaklqana
Xom


Innate Abilities, Weirdness & Mutations

Your health recovers twice as slowly from being drained.


Message History

There is an open door here.
There is an open door here. 2 gnolls come into view.
There are monsters nearby!
There are monsters nearby!
An endoplasm comes into view.
The endoplasm quivers.
The gnoll shouts!
A gnoll comes into view. It is wielding a +0 flail.
The endoplasm barely misses you. The gnoll closely misses you.
You barely miss the gnoll. The endoplasm freezes you.
You are frozen.
You resist. The gnoll hits you with a +0 spear.
The gnoll shouts!
You hit the gnoll.
The gnoll is poisoned.
The gnoll is lightly wounded.
The gnoll barely misses you.
The endoplasm jiggles.
The endoplasm freezes you.
You are frozen.
You resist.
Casting: Foxfire (safe; 2% risk of failure)
Confirm with . or Enter, or press ? or * to list all spells.
Flames lash the endoplasm.
You kill the endoplasm!
The gnoll hits you with a +0 spear.
Casting: Scorch (safe; 4% risk of failure)
Confirm with . or Enter, or press ? or * to list all spells.
You don't know that spell.
You barely miss the gnoll. The gnoll hits you with a +0 spear.
The gnoll hits you with a +0 flail. The gnoll barely misses you.
You hit the gnoll.
The gnoll is poisoned.
The gnoll is moderately wounded.
The gnoll misses you. The gnoll closely misses you. x2
The gnoll hits you from afar with a +0 spear!
* * * LOW HITPOINT WARNING * * *
You feel better. The gnoll misses you. x3
As you read the scroll of teleportation, it crumbles to dust.
You feel strangely unstable.
The gnoll hits you from afar with a +0 spear!
You die...

.............######
.............#
###(........## #
#....#...## #.########
#.# ##########
###.###########........#
................##.....#
.####..########.@gg# ##
##.# ######.##g..# #
##<###......# ##.#
#####......###### #
.........>..##
#...#######..##
###..#### ##..#
####....#####.####
#######
#.###.#....##....#
#.....#


You could see 3 gnolls.

Vanquished Creatures
  A centaur (D:3)
  An orc wizard (D:3)
  A dart slug (D:2)
  4 orcs (D:3)
  4 bats
  3 endoplasms
  3 giant cockroaches
  10 goblins
  5 hobgoblins
  7 jackals (D:2)
  4 quokkas
  9 ball pythons
  4 frilled lizards
  7 kobolds
  6 rats
69 creatures vanquished.

Vanquished Creatures (others)
  57 foxfires
57 creatures vanquished.

Grand Total: 126 creatures vanquished

Notes
Turn   | Place    | Note
-------+----------+-------------------------------------------
     0 | D:1      | hawla the Deep Elf Fire Elementalist began the quest for
                  | the Orb.
     0 | D:1      | Reached XP level 1. HP: 10/10 MP: 6/6
   355 | D:1      | Reached XP level 2. HP: 15/15 MP: 6/8
   385 | D:1      | Reached skill level 3 in Dodging
   513 | D:1      | Learned a level 2 spell: Scorch
   555 | D:1      | Found a faded altar of an unknown god.
   917 | D:1      | Reached XP level 3. HP: 19/19 MP: 9/9
  1129 | D:2      | Found a shimmering altar of Xom.
  1846 | D:2      | Reached skill level 4 in Dodging
  1995 | D:3      | Noticed a centaur
  2004 | D:3      | Gained mutation: Your health recovers twice as slowly from
                  | being drained. [potion of mutation]
  2004 | D:3      | Killed a centaur
  2005 | D:3      | Reached XP level 4. HP: 3/24 MP: 10/10
  2005 | D:3      | Reached XP level 5. HP: 3/28 MP: 11/11
  2342 | D:3      | Reached skill level 5 in Dodging
  2574 | D:3      | Found a hazy altar of Hepliaklqana.
  2654 | D:3      | HP: 1/28 [gnoll/+0 spear (9)]
  2656 | D:3      | Slain by a gnoll

Illustrated notes

Levels and vault maps discovered:
D:1:      dpeg_cavernosity, layout_basic, shapermc_ecumenical_altar_venn,
          minmay_vboxes
D:2:      cheibrodos_old_hovel, layout_basic, basic_altar
D:3:      layout_rooms, worldfamousw_hep_ancestral_shrine,
          ebering_ghost_disaster_area, chequers_serial_rivers_micro_b,
          hangedman_abyss_or_decor_lesser_grid

Skill      XL: |  1  2  3  4  5 |
---------------+----------------+-----
Dodging        | 3 4 5 |  5.1
Conjurations   | 2 3 4 |  4.1
Stealth        | |  2.4
Spellcasting   | |  3.0
Fire Magic     | |  3.2

Action                     |  1- 3 |  4- 6 || total
---------------------------+-------+-------++-------
  Melee: Unarmed           |     2 |       ||     2
         Dagger            |    79 |    12 ||    91
   Cast: Foxfire           |    22 |    12 ||    34
         Scorch            |     1 |     3 ||     4
    Use: Potion            |     4 |     2 ||     6
         Scroll            |     6 |     1 ||     7
   Stab: Sleeping          |     7 |       ||     7
 Armour: Robe              |    61 |    11 ||    72
  Dodge: Dodged            |   114 |    18 ||   132
